 Dungeon Crawl Stone Soup version 0.21.1-1-g345015f (webtiles) character file.

26007 nicolaieve the Severer (level 12, 0/110 HPs)
             Began as a Minotaur Berserker on July 3, 2018.
             Was a High Priest of Trog.
             Slain by a redback (9 damage)
             ... on level 3 of the Lair of Beasts.
             The game lasted 00:58:01 (12261 turns).

nicolaieve the Severer (Minotaur Berserker)        Turns: 12261, Time: 00:58:01

Health: 0/110      AC: 20    Str: 27    XL:     12   Next: 94%
Magic:  3/3        EV:  9    Int:  4    God:    Trog [*****.]
Gold:   824        SH:  6    Dex: 16    Spells: 11/11 levels left

rFire    + . .     SeeInvis +   R - +3 broad axe (antimagic)
rCold    x . .     Gourm    .   F - +0 buckler
rNeg     + . .     Faith    .   o - +0 plate armour
rPois    .         Spirit   .   (helmet restricted)
rElec    .         Reflect  .   (no cloak)
rCorr    .         Harm     .   q - +0 pair of gloves
MR       ++...                  P - +2 pair of boots {Stlth+}
Stlth    ..........             (no amulet)
HPRegen  1.28/turn              r - ring of flight
MPRegen  0.08/turn              J - ring of Tyupec {Fire rN+ Dex+6 SInv}

@: lethally poisoned (0 -> -28), regenerating
A: retaliatory headbutt, horns 2
a: Berserk, Trog's Hand, Brothers in Arms, Burn Spellbooks, Renounce Religion,
Evoke Flight


You were on level 3 of the Lair of Beasts.
You worshipped Trog.
Trog was extremely pleased with you.
You were not hungry.

You visited 2 branches of the dungeon, and saw 15 of its levels.

You collected 1126 gold pieces.
You spent 302 gold pieces at shops.

Inventory:

Hand Weapons
 i - a +5 war axe of freezing
 k - a +5 hand axe
 p - a +0 broad axe
 C - a +2 whip of flaming
 N - a +5 antimagic war axe
 R - a +3 antimagic broad axe (weapon)
Armour
 o - a +0 plate armour (worn)
 q - a +0 pair of gloves (worn)
 F - a +0 buckler (worn)
 P - a +2 pair of boots of stealth (worn)
Jewellery
 r - a ring of flight (left hand)
 H - an uncursed ring of fire {unknown}
 J - the ring of Tyupec (right hand) {Fire rN+ Dex+6 SInv}
   (You found it on level 7 of the Dungeon)

   [ring of fire]

   It enhances your fire magic.
   It affects your dexterity (+6).
   It protects you from fire.
   It makes you vulnerable to cold.
   It protects you from negative energy.
   It lets you see invisible.
 O - a cursed ring of teleportation {unknown}
 S - an uncursed ring of resist corrosion {unknown}
 T - an uncursed ring of fire {unknown}
Wands
 a - a wand of enslavement (35)
 h - a wand of flame (54)
 y - a wand of disintegration (14)
 D - a wand of iceblast (7)
 I - a wand of digging (31)
 L - a wand of polymorph (28)
Scrolls
 e - 7 scrolls of remove curse
 f - 6 scrolls of identify
 g - 8 scrolls of teleportation
 l - 4 scrolls of fear
 u - 2 scrolls of enchant weapon
 v - 2 scrolls of immolation
 z - a scroll of summoning
 A - 2 scrolls of fog
 E - a scroll of enchant armour
 G - 3 scrolls of blinking
Potions
 b - a potion of resistance
 d - 4 potions of brilliance
 j - 14 potions of curing
 m - a potion of berserk rage
 n - 2 potions of agility
 s - 2 potions of cancellation
 t - 2 potions of ambrosia
 w - 4 potions of flight
 x - 4 potions of heal wounds
 B - 4 potions of might
 K - 3 potions of mutation
 M - 2 potions of lignification {unknown}
 U - a potion of invisibility {unknown}
Comestibles
 c - 30 rations
 Q - 22 chunks of flesh


   Skills:
 + Level 11.5 Fighting
 * Level 17.9 Axes
 + Level 11.8 Armour
 - Level 2.1 Dodging
 * Level 8.7 Shields


You had 11 spell levels left.
You didn't know any spells.

Dungeon Overview and Level Annotations

Branches:
Dungeon (12/15)            Temple (0/1) D:4            Lair (3/6) D:10
  Swamp (0/4) Lair:2       Spider (0/4) Lair:3          Orc (0/2) D:10

Altars:
Ashenzari
Cheibriados
Fedhas
Gozag
Hepliaklqana
Qazlal
Ru
Sif Muna
Zin

Shops:
D:4 :!*   D:7 [

Annotations:
Lair:3 exclusion: oklob plant


Innate Abilities, Weirdness & Mutations

You reflexively headbutt those who attack you in melee.
You have a pair of horns on your head.


Message History

You feel very sick. You block the redback's attack.
You closely miss the redback. You headbutt the redback.
The redback is moderately wounded.
* * * LOW HITPOINT WARNING * * *
You feel very sick. You block the redback's attack. The redback bites you.
* * * LOW HITPOINT WARNING * * *
You slash the redback! Your headbutt misses the redback.
The redback is severely wounded.
* * * LOW HITPOINT WARNING * * *
You feel very sick. The redback closely misses you.
Unknown command.
You miss the redback.
The redback is severely wounded.
* * * LOW HITPOINT WARNING * * *
You feel very sick. The redback bites you!
You die...

................##
.................#
.................#
.................##
..................#
.................##
........###.....#
..###.... ##....##
.. ##.....^#.@.P#
.#....##s..##
...^...#......#
.>.........###
...#........
..##........#
.##..........
...........#


You could see a redback.

Vanquished Creatures
  A centaur warrior (D:11)
  3 two-headed ogres
  The ghost of nicolaieve the Cleaver, a novice MiBe of Trog (D:8)
  A queen ant (Lair:2)
  A fire crab (Lair:3)
  Pikel (D:5)
  A cyclops (D:11)
  Joseph (D:8)
  5 spiny frogs
  3 komodo dragons (Lair:3)
  An anaconda simulacrum (Lair:1)
  3 trolls
  2 hornets
  6 hippogriffs
  Grinder (D:4)
  4 slime creatures (D:11)
  Sigmund (D:2)
  A shadow (D:11)
  A wraith (D:10)
  A redback (Lair:3)
  A tarantella (shapeshifter) (D:11)
  14 yaks
  A basilisk (Lair:2)
  Edmund (D:4)
  2 hungry ghosts (D:10)
  Menkaure (D:7)
  10 soldier ants
  4 water moccasins
  8 porcupines
  2 black bears
  A hornet zombie (D:9)
  4 slaves (D:5)
  6 ice beasts
  5 sky beasts
  8 orc warriors
  3 phantoms
  4 ogres
  5 necrophages (Lair:3)
  3 centaurs
  13 wolves
  5 crocodiles
  A big kobold (D:7)
  10 bullfrogs
  A gnoll sergeant (D:7)
  4 scorpions
  12 wights
  A howler monkey (D:8)
  2 crimson imps (D:5)
  A centaur zombie (D:10)
  A bullfrog zombie (D:10)
  16 hounds
  A komodo dragon simulacrum (Lair:1)
  A quasit (D:7)
  A hippogriff simulacrum (Lair:1)
  2 jellies
  11 orc priests
  2 water moccasin simulacra (Lair:1)
  A bullfrog skeleton (D:7)
  9 orc wizards
  A centaur skeleton (D:10)
  Jessica (D:2)
  12 iguanas
  28 worker ants
  A yak simulacrum (Lair:1)
  A hound skeleton (D:4)
  4 gnolls (D:7)
  17 adders
  4 shadow imps
  An adder skeleton (D:5)
  5 worms
  A dart slug (D:4)
  9 leopard geckos
  41 orcs
  5 bats
  5 giant cockroaches
  7 goblins
  9 hobgoblins
  8 jackals
  6 quokkas
  A ball python (D:6)
  3 frilled lizards
  13 kobolds
  A quokka skeleton (D:6)
  6 rats
  2 plants (D:7)
409 creatures vanquished.

Notes
Turn   | Place    | Note
-------+----------+-------------------------------------------
     0 | D:1      | nicolaieve the Minotaur Berserker began the quest for the Orb.
     0 | D:1      | Reached XP level 1. HP: 19/19 MP: 0/0
   335 | D:1      | Reached skill level 4 in Axes
   637 | D:2      | Found a faded altar of an unknown god.
   655 | D:2      | Reached XP level 2. HP: 15/27 MP: 1/1
   736 | D:2      | Reached XP level 3. HP: 21/33 MP: 2/2
   756 | D:2      | Noticed Jessica
   762 | D:2      | Killed Jessica
   762 | D:2      | Reached skill level 5 in Axes
   796 | D:2      | Reached ** piety under Trog
   798 | D:2      | Noticed Sigmund
   806 | D:2      | Killed Sigmund
   806 | D:2      | Reached skill level 5 in Fighting
   806 | D:2      | Reached skill level 6 in Axes
   806 | D:2      | Reached XP level 4. HP: 39/42 MP: 3/3
   806 | D:2      | Reached XP level 5. HP: 45/48 MP: 4/4
   958 | D:2      | Found a blossoming altar of Fedhas.
   969 | D:2      | Found a sacrificial altar of Ru.
  1441 | D:3      | Reached skill level 7 in Axes
  1441 | D:3      | Reached XP level 6. HP: 38/56 MP: 5/5
  1902 | D:4      | Found a hazy altar of Hepliaklqana.
  1945 | D:4      | Found Imuozel's Assorted Antiques.
  1967 | D:4      | Found a glowing silver altar of Zin.
  1969 | D:4      | Found an opulent altar of Gozag.
  2009 | D:4      | Noticed Edmund
  2023 | D:4      | Killed Edmund
  2023 | D:4      | Reached skill level 8 in Axes
  2023 | D:4      | Reached XP level 7. HP: 61/61 MP: 6/6
  2158 | D:4      | Noticed Grinder
  2168 | D:4      | Killed Grinder
  2214 | D:4      | Found Befuffuck's Book Shoppe.
  2489 | D:4      | Reached *** piety under Trog
  2489 | D:4      | Reached skill level 9 in Axes
  2691 | D:4      | Reached XP level 8. HP: 70/70 MP: 7/7
  2751 | D:4      | Found a staircase to the Ecumenical Temple.
  2783 | D:4      | Found Tasimeot's Distillery.
  2790 | D:4      | Bought a potion of curing for 30 gold pieces
  2790 | D:4      | Bought a potion of ambrosia for 80 gold pieces
  2790 | D:4      | Bought a potion of flight for 30 gold pieces
  2790 | D:4      | Bought a potion of heal wounds for 50 gold pieces
  3122 | D:5      | Entered Level 5 of the Dungeon
  3144 | D:5      | Reached skill level 5 in Armour
  3369 | D:5      | Reached skill level 10 in Axes
  3778 | D:5      | Found a stormy altar of Qazlal.
  3807 | D:5      | Noticed Pikel
  3864 | D:5      | Killed Pikel
  3864 | D:5      | Reached skill level 11 in Axes
  4109 | D:6      | Reached **** piety under Trog
  4109 | D:6      | Reached XP level 9. HP: 67/79 MP: 8/8
  4520 | D:6      | Reached skill level 12 in Axes
  4888 | D:6      | Found a shattered altar of Ashenzari.
  5382 | D:7      | Found Favegi's Antique Armour Boutique.
  5448 | D:7      | Bought a buckler for 112 gold pieces
  5592 | D:7      | Reached skill level 1 in Shields
  5649 | D:7      | Reached ***** piety under Trog
  5701 | D:7      | Reached skill level 13 in Axes
  5895 | D:7      | Reached XP level 10. HP: 65/88 MP: 9/9
  5906 | D:7      | Found a snail-covered altar of Cheibriados.
  5988 | D:7      | Got a wavering platinum ring
  6002 | D:7      | Noticed Menkaure
  6012 | D:7      | Killed Menkaure
  6614 | D:8      | Noticed a two-headed ogre
  6624 | D:8      | Killed a two-headed ogre
  6670 | D:8      | Reached skill level 14 in Axes
  6798 | D:8      | Noticed nicolaieve's ghost (novice MiBe)
  6810 | D:8      | Received a gift from Trog
  6813 | D:8      | Killed nicolaieve's ghost
  6842 | D:8      | Noticed Joseph
  6852 | D:8      | Killed Joseph
  7062 | D:8      | Identified the ring of Tyupec {Fire rN+ Dex+6 SInv} (You found it on level 7 of the Dungeon)
  7112 | D:9      | Reached skill level 5 in Shields
  7195 | D:9      | Reached XP level 11. HP: 64/97 MP: 3/10
  7611 | D:9      | Reached skill level 10 in Armour
  7824 | D:10     | Entered Level 10 of the Dungeon
  7834 | D:10     | Paralysed by a hornet for 2 turns
  7963 | D:10     | Noticed a two-headed ogre
  7966 | D:10     | Killed a two-headed ogre
  7966 | D:10     | Reached skill level 15 in Axes
  8047 | D:10     | Found a staircase to the Lair.
  8094 | D:10     | Found a staircase to the Orcish Mines.
  8187 | D:10     | Identified a scroll of acquirement
  8686 | D:11     | Noticed a centaur warrior
  8695 | D:11     | Killed a centaur warrior
  8705 | D:11     | Noticed a two-headed ogre
  8712 | D:11     | Killed a two-headed ogre
  8717 | D:11     | Reached skill level 16 in Axes
  8817 | D:11     | Received a gift from Trog
  9145 | D:11     | Reached skill level 10 in Fighting
  9161 | D:11     | Found a deep blue altar of Sif Muna.
  9569 | D:12     | Reached XP level 12. HP: 87/106 MP: 3/11
  9641 | Lair:1   | Entered Level 1 of the Lair of Beasts
 10176 | Lair:1   | Found a transporter.
 10202 | Lair:1   | Found a transporter.
 10649 | Lair:2   | Reached skill level 17 in Axes
 10965 | Lair:2   | Found a staircase to the Swamp.
 11076 | Lair:2   | Noticed a queen ant
 11085 | Lair:2   | Received a gift from Trog
 11090 | Lair:2   | Killed a queen ant
 12249 | Lair:3   | Found a hole to the Spider Nest.
 12261 | Lair:3   | Slain by a redback

Skill      XL: |  1  2  3  4  5  6  7  8  9 10 11 12 |
---------------+-------------------------------------+-----
Axes           | 4 6 7 8 9 11 13 14 16 17 | 17.9
Fighting       | 4 5 6 7 9 10 11 | 11.5
Armour         | 3 4 6 8 9 10 11 | 11.8
Shields        | 2 5 6 8 |  8.7
Dodging        | |  2.1

Action                   |  1- 3 |  4- 6 |  7- 9 | 10-12 || total
-------------------------+-------+-------+-------+-------++-------
Melee: Hand axe          |    50 |    80 |   442 |   184 ||   756
       Headbutt          |     4 |    17 |    78 |   179 ||   278
       War axe           |       |       |       |   401 ||   401
       Broad axe         |       |       |       |   122 ||   122
Invok: Berserk           |     1 |     2 |     6 |     8 ||    17
       Trog's Hand       |     1 |       |       |     1 ||     2
       Burn Spellbooks   |       |       |     2 |     4 ||     6
  Use: Scroll            |       |       |       |    22 ||    22
  Eat: Chunk             |       |     6 |    15 |    24 ||    45
       Ration            |       |       |     1 |     2 ||     3
Armor: Scale mail        |    18 |    18 |       |       ||    36
       Animal skin       |     2 |       |       |       ||     2
       Plate armour      |       |    34 |   237 |   270 ||   541
Dodge: Dodged            |    24 |    30 |   140 |   162 ||   356
Block: Buckler           |       |       |     9 |   114 ||   123
